 Dungeon Crawl Stone Soup version 0.26.1-11-gd32895ea62 (webtiles) character file.

Game seed: 9535473441385564926

429 Gregly the Geomancer (level 6, -2/39 HPs)
             Began as an Octopode Brigand on May 13, 2021.
             Slain by a sky beast (5 damage)
             ... on level 3 of the Dungeon.
             The game lasted 00:27:15 (4805 turns).

Gregly the Geomancer (Octopode Brigand)             Turns: 4805, Time: 00:27:16

Health: -2/39      AC:  3    Str: 11    XL:     6   Next: 98%
Magic:  5/6        EV: 17    Int: 14    God:
Gold:   166        SH:  0    Dex: 14    Spells: 1/5 levels left

rFire    . . .     SeeInvis .   a - +2 dagger
rCold    . . .     Faith    .   (no shield)
rNeg     . . .     Spirit   .   g - +2 hat
rPois    .         Reflect  .   j - amulet of magic regeneration
rElec    .         Harm     .   k - +4 ring of evasion
rCorr    .         Rampage  .   (no ring)
Will     .....                  (no ring)
Stlth    ++++......             (no ring)
HPRegen  0.13/turn              (no ring)
MPRegen  0.35/turn              (no ring)
                                (no ring)
                                (no ring)

@: very slightly contaminated
A: almost no armour, stealthy swim, amphibious, 8 rings, constrict 8, camouflage
1, gelatinous body 1
a: no special abilities


You were on level 3 of the Dungeon.
You visited 1 branch of the dungeon, and saw 4 of its levels.

You collected 166 gold pieces.

Inventory:

Hand Weapons
 a - a +2 dagger (weapon)
Missiles
 d - 32 sling bullets
 e - 63 stones (quivered)
 l - 3 poisoned darts
Armour
 f - a +0 cloak
 g - a +2 hat (worn)
 h - a +0 pair of gloves
Jewellery
 j - an amulet of magic regeneration (around mantle)
 k - a +4 ring of evasion (left tentacle)
Scrolls
 b - 2 scrolls of remove curse
 c - a scroll of enchant weapon {unknown}
 i - a scroll of identify


   Skills:
 + Level 2.1 Fighting
 + Level 2.8 Short Blades
 + Level 4.2 Throwing
 + Level 1.6 Dodging
 + Level 6.2 Stealth
 + Level 11.1 Earth Magic


You had one spell level left.
You knew the following spells:

 Your Spells              Type           Power        Failure   Level
a - Call Imp              Summ           0%           41%         2
b - Blink                 Tloc           N/A          41%         2

Your spell library contained the following spells:

 Spells                   Type           Power        Failure   Level
 Magic Dart               Conj           0%           28%         1
 Slow                     Hex            0%           41%         2
 Conjure Flame            Conj/Fire      0%           65%         3
 Mephitic Cloud           Conj/Pois/Air  0%           65%         3


Dungeon Overview and Level Annotations

Branches:
Dungeon (4/15)
 Temple: D:4-7

Altars:

Annotations:
D:4 Pikel


Innate Abilities, Weirdness & Mutations

You cannot wear most types of armour.
You are very stealthy in the water. (Stealth+)
You are amphibious.
You can wear up to eight rings at the same time.
You can use your tentacles to constrict eight enemies at once.
Your skin changes colour to match your surroundings (Stealth+).
Your rubbery body absorbs attacks. (AC +1, EV +1)


Message History

The sky beast is moderately wounded.
The sky beast hits you. The sky beast shocks you.
You barely miss the sky beast.
The sky beast is moderately wounded.
The sky beast hits you. The sky beast shocks you.
You miss the sky beast. Your squeeze misses the sky beast.
The sky beast is moderately wounded.
The sky beast misses you.
Casting: Blink (dangerous; 41% risk of failure)
Confirm with . or Enter, or press ? or * to list all spells.
You miscast Call Imp.
You are very lightly contaminated with residual magic.
Nothing appears to happen.
The sky beast flickers out of sight!
Deactivating autopickup; reactivate with Ctrl-A.
Something hits you.
* * * LOW HITPOINT WARNING * * *
Something shocks you.
* * * LOW HITPOINT WARNING * * *
Something hits you.
You die...

#.# #.# #.# #.# #.#
#.. #.# #..
#.################..
#....≈..≈.........Y.
#.################..
#.########### #..
#.{@........######..
###########.........
#########. #. ##


There were no monsters in sight!

Vanquished Creatures
  A lemure (D:3)
  3 orc priests
  An orc wizard (D:3)
  Natasha (thrice) (D:3)
  A worker ant (D:3)
  A gnoll (D:1)
  5 adders
  2 worms
  A dart slug (D:2)
  A leopard gecko (D:3)
  3 orcs (D:2)
  3 bats
  5 giant cockroaches
  10 goblins
  2 hobgoblins (D:1)
  7 jackals
  7 kobolds
  A quokka (D:2)
  3 ball pythons
  4 frilled lizards
  4 rats (D:2)
68 creatures vanquished.

Notes
Turn   | Place    | Note
-------+----------+-------------------------------------------
     0 | D:1      | Gregly the Octopode Brigand began the quest for the Orb.
     0 | D:1      | Reached XP level 1. HP: 14/14 MP: 1/1
   205 | D:1      | Reached XP level 2. HP: 19/19 MP: 2/2
   651 | D:1      | Reached XP level 3. HP: 9/24 MP: 3/3
  1291 | D:2      | Reached XP level 4. HP: 25/29 MP: 4/4
  2161 | D:3      | HP: 1/29 [orc priest/nerve-wracking pain (2)]
  2671 | D:2      | HP: 1/29 [orc priest/divine providence (7)]
  2672 | D:2      | Reached skill level 11 in Earth Magic
  2672 | D:2      | Reached XP level 5. HP: 2/34 MP: 5/5
  2957 | D:3      | Reached XP level 6. HP: 16/39 MP: 6/6
  3393 | D:3      | Noticed Natasha
  3458 | D:3      | Killed Natasha
  3822 | D:3      | Noticed Natasha
  3829 | D:3      | Killed Natasha
  3957 | D:3      | Learned a level 2 spell: Call Imp
  3960 | D:3      | Learned a level 2 spell: Blink
  4085 | D:3      | Noticed Natasha
  4152 | D:3      | Killed Natasha
  4179 | D:4      | Noticed Pikel
  4373 | D:4      | Noticed a sky beast
  4505 | D:3      | HP: 1/39 [sky beast (6)]
  4805 | D:3      | Slain by a sky beast

Illustrated notes

Levels and vault maps discovered:
D:1:      minmay_arrival_five_plusses, layout_basic
D:2:      minmay_evil_eye, layout_basic
D:3:      layout_loops_ring, uniq_natasha
D:4:      layout_cave_pools, lightli_sewer_entry_pipes, serial_shops,
          nicolae_shop_window_shopping, uniq_sigmund, uniq_edmund, uniq_pikel,
          uniq_menkaure

Skill      XL: |  1  2  3  4  5  6 |
---------------+-------------------+-----
Stealth        | 6 |  6.2
Throwing       | 3 4 |  4.2
Earth Magic    | 11 | 11.1
Fighting       | |  2.1
Short Blades   | |  2.8
Dodging        | |  1.6

Action                   |  1- 3 |  4- 6 || total
-------------------------+-------+-------++-------
Melee: Dagger            |    30 |   107 ||   137
       Constrict         |     8 |    19 ||    27
       Tentacles         |     1 |    21 ||    22
Throw: Dart              |    56 |    20 ||    76
       Stone             |    19 |    90 ||   109
 Cast: Blink             |       |     5 ||     5
  Use: Scroll            |     7 |     5 ||    12
       Potion            |       |     2 ||     2
Armor: Skin              |     5 |    14 ||    19
Dodge: Dodged            |    18 |    63 ||    81
